[Event "Titled Tuesday Blitz May 11 2021"]
[White "Quparadze, Giga"]
[Black "Ten Hertog, Hugo"]
[WhiteFideId "13602250"]
[BlackFideId "1026356"]
[WhiteElo "2658"]
[BlackElo "2493"]
[Result "0-1"]
[Round "03"]
[TimeControl "180+1"]
[Date "2021.05.11"]
[WhiteClock "0:00:17"]
[BlackClock "0:00:11"]

1. e4 g6 2. d4 Bg7 3. Nc3 d6 4. Bg5 a6 5. Qd2 Nd7 6. O-O-O b5 7. f4 c5 8. dxc5 Nxc5 9. e5 b4 10. Nd5 Ne4 11. Qxb4 Nxg5 12. exd6 Ne6 13. dxe7 Nxe7 14. Nb6 Bd4 15. Rxd4 Nxd4 16. Nxa8 O-O 17. Qb6 Bf5 18. Qxd8 Rxd8 19. Nb6 Nxc2 20. Bc4 Ne3 21. Nf3 Nxg2 22. Ne5 Be6 23. Bxe6 fxe6 24. Rf1 Ne3 25. Re1 N7f5 26. Nbc4 Ng2 27. Re4 Rd4 28. Rxd4 Nxd4 29. Nd7 Nxf4 30. Nc5 g5 31. Nxa6 h5 32. b4 g4 33. Ne3 Nd5 34. Nf1 h4 35. a4 Nf3 36. Kd1 Nxh2 37. Nxh2 g3 38. Nf3 h3 39. Ke2 h2 0-1


[Site "https://www.chess.com"]

[Event "Titled Tuesday Blitz May 11 2021"]
[White "Rojas Alarcon, Julian Antonio"]
[Black "Timmermans, Mark"]
[WhiteFideId "5107407"]
[BlackFideId "1026399"]
[WhiteElo "2333"]
[BlackElo "2460"]
[Result "0-1"]
[Round "03"]
[TimeControl "180+1"]
[Date "2021.05.11"]
[WhiteClock "0:01:56"]
[BlackClock "0:01:29"]

1. c4 Nf6 2. Nc3 e5 3. g3 d5 4. cxd5 Nxd5 5. Bg2 Nb6 6. Nf3 Nc6 7. d3 Be7 8. O-O O-O 9. Be3 Be6 10. Rc1 f6 11. a3 Qd7 12. d4 exd4 13. Nxd4 Nxd4 14. Qxd4 Qxd4 15. Bxd4 c6 16. Ne4 Rad8 17. Bc5 Kf7 18. Bxe7 Kxe7 19. Nc5 Bc8 20. b4 Rd2 21. Rfe1 Rfd8 22. e4 Rb2 23. Rcd1 Rxd1 24. Rxd1 Nc4 25. Ra1 Nxa3 26. Nxb7 Nc2 0-1


[Site "https://www.chess.com"]

[Event "Titled Tuesday Blitz May 11 2021"]
[White "Rychkov, Oleg"]
[Black "Yoo, Christopher Woojin"]
[WhiteFideId "4122852"]
[BlackFideId "30909694"]
[WhiteElo "2493"]
[BlackElo "2009"]
[Result "1/2-1/2"]
[Round "03"]
[TimeControl "180+1"]
[Date "2021.05.11"]
[WhiteClock "0:00:17"]
[BlackClock "0:00:06"]

1. e4 c5 2. Nf3 e6 3. d4 cxd4 4. Nxd4 Nf6 5. Nc3 Qb6 6. Nb3 Bb4 7. Bd3 d6 8. Be3 Bxc3+ 9. bxc3 Qc7 10. Qd2 e5 11. f3 Be6 12. O-O O-O 13. Nc1 Nbd7 14. Ne2 Nb6 15. Qe1 Nc4 16. Bg5 Nd7 17. f4 exf4 18. Nxf4 Qc5+ 19. Rf2 Qxg5 20. Nxe6 fxe6 21. Bxc4 Qe5 22. Rb1 Nc5 23. Re2 Rf7 24. Rd1 Raf8 25. Qg3 Rf4 26. Bd3 Qxc3 27. e5 Nxd3 28. cxd3 dxe5 29. h3 e4 30. Kh2 exd3 31. Rxe6 Rd4 32. Re7 Rdd8 33. Rxb7 a5 34. Rb3 Qc2 35. Rdxd3 Rxd3 36. Rxd3 Qxa2 37. Rd7 Qb2 38. Ra7 Rf5 39. Ra8+ Rf8 40. Rxa5 Qf6 41. Ra7 h6 42. Qc7 Kh7 43. Qg3 Rf7 44. Qd3+ g6 45. Rxf7+ Qxf7 46. Qg3 Kg7 47. h4 Qf5 48. Qc7+ Kg8 49. Qd8+ Kf7 50. Qc7+ Ke8 51. Qg3 Kd7 52. Qe3 h5 53. g3 Kd6 54. Kg2 Qd5+ 55. Kh2 Qe5 56. Qd3+ Ke7 57. Qxg6 Qe2+ 58. Kg1 Qe1+ 59. Kg2 Qe2+ 60. Kg1 Qe1+ 61. Kg2 Qe2+ 62. Kg1 1/2-1/2


[Site "https://www.chess.com"]

[Event "Titled Tuesday Blitz May 11 2021"]
[White "Sadhwani, Raunak"]
[Black "Lopez Del Alamo, Antonio"]
[WhiteFideId "35093487"]
[BlackFideId "2227339"]
[WhiteElo "2514"]
[BlackElo "2098"]
[Result "1-0"]
[Round "03"]
[TimeControl "180+1"]
[Date "2021.05.11"]
[WhiteClock "0:01:47"]
[BlackClock "0:00:11"]

1. b3 Nf6 2. Bb2 g6 3. Nf3 Bg7 4. g3 O-O 5. Bg2 d5 6. c4 c6 7. O-O Bg4 8. Ne5 Be6 9. d4 Nbd7 10. Nd2 dxc4 11. Nexc4 Nb6 12. Qc2 Qc8 13. Rfe1 Rd8 14. e4 Ne8 15. Nf3 Bh3 16. Bh1 Bg4 17. Rad1 Bxf3 18. Bxf3 Nxc4 19. bxc4 c5 20. d5 Bxb2 21. Qxb2 Nd6 22. Qc3 b6 23. e5 Nf5 24. Bg4 e6 25. Bxf5 gxf5 26. Qe3 Kh8 27. Qh6 Rg8 28. Qf6+ Rg7 29. Rd3 Qd8 30. dxe6 Qxd3 31. exf7 Rf8 32. e6 Qd4 33. e7 1-0


[Site "https://www.chess.com"]

[Event "Titled Tuesday Blitz May 11 2021"]
[White "Sadovsky, Artem"]
[Black "Lomasov, Semyon"]
[WhiteFideId "4155840"]
[BlackFideId "24164879"]
[WhiteElo "2476"]
[BlackElo "2445"]
[Result "0-1"]
[Round "03"]
[TimeControl "180+1"]
[Date "2021.05.11"]
[WhiteClock "0:00:10"]
[BlackClock "0:00:28"]

1. Nf3 b6 2. g3 Bb7 3. Bg2 c5 4. O-O g6 5. d4 cxd4 6. Nxd4 Bxg2 7. Kxg2 Bg7 8. c3 Nf6 9. Qd3 d5 10. Rd1 Nbd7 11. Bg5 Qc8 12. Nd2 O-O 13. Qb5 a6 14. Qc6 Qb8 15. Qa4 Rc8 16. Rac1 Qb7 17. Kg1 Nc5 18. Qc2 Nfe4 19. Nxe4 Nxe4 20. Be3 e6 21. Nf3 b5 22. Bd4 b4 23. Bxg7 Kxg7 24. Qd3 bxc3 25. bxc3 Qb5 26. Qd4+ f6 27. Rd3 Rc4 28. Qe3 Rac8 29. Nd4 Qd7 30. f3 Nc5 31. Rdd1 e5 32. Nb3 Na4 33. Rd3 Qf7 34. Kg2 h5 35. Nd2 d4 36. Qe4 Nxc3 0-1


[Site "https://www.chess.com"]

[Event "Titled Tuesday Blitz May 11 2021"]
[White "Sanchez Jimenez, Juan Carlos"]
[Black "Kukhmazov, Arsen"]
[WhiteFideId "2206331"]
[BlackFideId "24108260"]
[WhiteElo "2265"]
[BlackElo "2453"]
[Result "0-1"]
[Round "03"]
[TimeControl "180+1"]
[Date "2021.05.11"]
[WhiteClock "0:00:01"]
[BlackClock "0:00:37"]

1. d4 d5 2. c4 c6 3. cxd5 cxd5 4. Nf3 Nc6 5. Nc3 Nf6 6. Bf4 Nh5 7. Bd2 e6 8. e3 Bd6 9. Ne5 Nf6 10. Nxc6 bxc6 11. Rc1 O-O 12. Bd3 e5 13. dxe5 Bxe5 14. O-O c5 15. f4 Bb8 16. Na4 c4 17. Bb1 Bg4 18. Qe1 Qd7 19. b3 Re8 20. Qh4 d4 21. exd4 Qxd4+ 22. Rf2 Re2 23. Bc3 Qe3 24. Bxf6 Qxc1+ 25. Rf1 Qe3+ 26. Kh1 gxf6 27. Qxg4+ Kf8 28. Qc8+ Qe8 29. Qxc4 Bd6 30. Qd5 Rd8 31. Qh5 Qe3 32. Qh6+ Ke7 33. Qxh7 Re1 34. Bd3 Bxf4 35. Qf5 Rxd3 0-1


[Site "https://www.chess.com"]

[Event "Titled Tuesday Blitz May 11 2021"]
[White "Santiago, Yago De Moura"]
[Black "Gunina, Valentina"]
[WhiteFideId "2103877"]
[BlackFideId "4167570"]
[WhiteElo "2475"]
[BlackElo "2399"]
[Result "0-1"]
[Round "03"]
[TimeControl "180+1"]
[Date "2021.05.11"]
[WhiteClock "0:00:11"]
[BlackClock "0:01:47"]

1. d4 d5 2. Nc3 Nf6 3. Bf4 e6 4. e3 Be7 5. g4 O-O 6. g5 Ne8 7. h4 c5 8. Nf3 Nc6 9. Bd3 c4 10. Be2 b5 11. a3 b4 12. axb4 Bxb4 13. Kf1 Nd6 14. Na2 Ba5 15. Kg2 Ne4 16. c3 Bc7 17. Bxc7 Qxc7 18. Qc2 f5 19. Nb4 Nxb4 20. cxb4 f4 21. Ra3 fxe3 22. Rxe3 Qf4 23. h5 e5 24. Rh4 Bg4 25. Kf1 Ng3+ 26. Ke1 Nxe2 27. Qxe2 exd4 28. Re7 Qc1+ 0-1


[Site "https://www.chess.com"]

[Event "Titled Tuesday Blitz May 11 2021"]
[White "Sethuraman, S.P."]
[Black "Wadsworth, Matthew J"]
[WhiteFideId "5021596"]
[BlackFideId "415804"]
[WhiteElo "2477"]
[BlackElo "2293"]
[Result "1-0"]
[Round "03"]
[TimeControl "180+1"]
[Date "2021.05.11"]
[WhiteClock "0:02:15"]
[BlackClock "0:01:03"]

1. e4 c5 2. Nf3 e6 3. d4 cxd4 4. Nxd4 Nc6 5. Nc3 Qc7 6. Be3 a6 7. a3 Nf6 8. f4 Nxd4 9. Qxd4 b5 10. Be2 Bb7 11. Bf3 Rc8 12. e5 Bxf3 13. exf6 Bxg2 14. fxg7 Bxg7 15. Qxg7 Bxh1 16. Qxh8+ Ke7 17. Qxh7 Bf3 18. Qh4+ Ke8 19. Kf2 1-0


[Site "https://www.chess.com"]

[Event "Titled Tuesday Blitz May 11 2021"]
[White "Sevian, Samuel"]
[Black "Fernandez, Daniel Howard"]
[WhiteFideId "2040506"]
[BlackFideId "5801605"]
[WhiteElo "2983"]
[BlackElo "2468"]
[Result "1-0"]
[Round "03"]
[TimeControl "180+1"]
[Date "2021.05.11"]
[WhiteClock "0:00:18"]
[BlackClock "0:00:11"]

1. e4 c5 2. Nf3 d6 3. d4 cxd4 4. Nxd4 Nf6 5. Nc3 a6 6. Bg5 e6 7. f4 h6 8. Bh4 Qb6 9. a3 Be7 10. Bf2 Qc7 11. Qf3 Nbd7 12. O-O-O b5 13. g4 Bb7 14. h4 Nc5 15. Bd3 d5 16. e5 Nfe4 17. Be1 Nxc3 18. Bxc3 Ne4 19. Bxe4 dxe4 20. Qe3 Rc8 21. Bb4 Bxb4 22. axb4 Qc4 23. Kb1 Bd5 24. Qa3 O-O 25. f5 a5 26. bxa5 b4 27. Qa4 Rfd8 28. Rhe1 Ba8 29. c3 bxc3 30. Qxc4 Rxc4 31. Nc2 Rb8 32. b4 Bc6 33. fxe6 fxe6 34. Kc1 Ba4 35. Re3 Bxc2 36. Kxc2 Rbxb4 37. Rxc3 Rxc3+ 38. Kxc3 Ra4 39. Rd8+ Kf7 40. Rd7+ Kf8 41. Ra7 e3 42. Kd3 Re4 43. Ke2 Rxe5 44. a6 Re4 45. Rb7 Kg8 46. a7 Ra4 47. Rb8+ Kh7 48. a8=Q Rxa8 49. Rxa8 1-0


[Site "https://www.chess.com"]

[Event "Titled Tuesday Blitz May 11 2021"]
[White "Shimanov, Aleksandr"]
[Black "Neelotpal, Das"]
[WhiteFideId "4198603"]
[BlackFideId "5003512"]
[WhiteElo "2596"]
[BlackElo "2427"]
[Result "1-0"]
[Round "03"]
[TimeControl "180+1"]
[Date "2021.05.11"]
[WhiteClock "0:00:53"]
[BlackClock "0:00:01"]

1. d4 d5 2. Nf3 Nf6 3. Bg5 Ne4 4. Bf4 c5 5. e3 cxd4 6. exd4 Nc6 7. c3 g6 8. Nbd2 Bg7 9. Bb5 O-O 10. O-O Qb6 11. a4 a6 12. Bxc6 bxc6 13. Qc1 Bf5 14. a5 Qb7 15. b4 Nxd2 16. Nxd2 f6 17. Re1 Rfe8 18. Nb3 e5 19. Be3 Qf7 20. Nc5 h5 21. Qd2 h4 22. h3 g5 23. dxe5 Rxe5 24. Bd4 Rxe1+ 25. Rxe1 Qg6 26. f3 Qf7 27. Qe2 Bc8 28. Qe7 Qxe7 29. Rxe7 Bf8 30. Rc7 Bxc5 31. Bxc5 Be6 32. Rxc6 Kf7 33. Bd4 f5 34. f4 gxf4 35. Kf2 Bd7 36. Rh6 Bb5 37. Rf6+ Ke7 38. Rxf5 Kd6 39. Rxf4 Re8 40. Rxh4 Re2+ 41. Kg1 Bd3 42. Rg4 Be4 43. h4 Ke6 44. h5 Kf5 45. Rg7 Ra2 46. h6 Ra1+ 47. Kh2 Kf4 48. h7 Bxh7 49. Rxh7 Ke4 50. Rh6 1-0


[Site "https://www.chess.com"]

[Event "Titled Tuesday Blitz May 11 2021"]
[White "Shkapenko, Pavel"]
[Black "Baches Garcia, Guillermo"]
[WhiteFideId "4151933"]
[BlackFideId "2209764"]
[WhiteElo "2386"]
[BlackElo "2432"]
[Result "1-0"]
[Round "03"]
[TimeControl "180+1"]
[Date "2021.05.11"]
[WhiteClock "0:00:41"]
[BlackClock "0:00:07"]

1. e4 c5 2. c3 d5 3. exd5 Qxd5 4. Nf3 Bg4 5. Be2 e5 6. d4 cxd4 7. cxd4 e4 8. Ne5 Bxe2 9. Qxe2 Nc6 10. Nc3 Bb4 11. Nxc6 bxc6 12. O-O Bxc3 13. bxc3 f5 14. Rb1 Nf6 15. Ba3 Kf7 16. Rb7+ Kg6 17. Qe3 c5 18. Qg3+ Ng4 19. Rc7 h5 20. Rxc5 Qxa2 21. Rc6+ Kh7 22. Qf4 Qxa3 23. Qxf5+ Kg8 24. Qe6+ Kh7 25. Qxe4+ Kg8 26. Qd5+ Kh7 27. Qxh5+ Nh6 28. Rxh6+ gxh6 29. Qf7# 1-0


[Site "https://www.chess.com"]

[Event "Titled Tuesday Blitz May 11 2021"]
[White "Skatchkov, Pavel"]
[Black "Anton Guijarro, David"]
[WhiteFideId "4121848"]
[BlackFideId "2285525"]
[WhiteElo "2476"]
[BlackElo "2629"]
[Result "0-1"]
[Round "03"]
[TimeControl "180+1"]
[Date "2021.05.11"]
[WhiteClock "0:01:18"]
[BlackClock "0:01:15"]

1. d4 Nf6 2. c4 e6 3. Nf3 d5 4. g3 Bb4+ 5. Nbd2 O-O 6. Bg2 dxc4 7. O-O b5 8. e4 Bb7 9. e5 Nd5 10. Qc2 Be7 11. a3 Nd7 12. Ne4 h6 13. Rd1 c5 14. Be3 Nxe3 15. fxe3 Qb6 16. h4 Rad8 17. g4 cxd4 18. exd4 f5 19. exf6 Nxf6 20. Nf2 Bxf3 21. Bxf3 Rxd4 22. Qe2 Rf4 23. Kg2 Nd5 24. Rxd5 Rxf3 0-1


[Site "https://www.chess.com"]

[Event "Titled Tuesday Blitz May 11 2021"]
[White "Spitzl, Vinzent"]
[Black "Krysa, Leandro"]
[WhiteFideId "12901253"]
[BlackFideId "116807"]
[WhiteElo "2192"]
[BlackElo "2490"]
[Result "0-1"]
[Round "03"]
[TimeControl "180+1"]
[Date "2021.05.11"]
[WhiteClock "0:00:04"]
[BlackClock "0:00:15"]

1. e4 e6 2. d4 d5 3. e5 c5 4. c3 Nc6 5. Nf3 Qb6 6. a3 Nh6 7. b4 cxd4 8. cxd4 Nf5 9. Bb2 Be7 10. Nc3 O-O 11. Na4 Qd8 12. Bd3 b6 13. Rc1 Bd7 14. Bxf5 exf5 15. O-O Rc8 16. Nc3 Be6 17. g3 Qd7 18. Qd2 a5 19. b5 Na7 20. Qe2 Rc4 21. a4 Rfc8 22. Qd3 f4 23. gxf4 Bf5 24. Qe3 Bh3 25. Nd2 Qg4+ 26. Qg3 Rxd4 27. Nf3 Rd3 28. Qxg4 Bxg4 29. Ne1 Rd2 30. Ba1 d4 31. f3 Bh3 32. Rf2 dxc3 33. Bxc3 Rxf2 34. Kxf2 Bb4 35. Bb2 Rxc1 36. Bxc1 Bxe1+ 37. Kxe1 Nc8 38. Be3 Kf8 39. Kd2 Ke7 40. Kd3 Ke6 41. Kd4 Bf5 42. h4 Bc2 43. Kc3 Bxa4 44. Kc4 Bd1 45. f5+ Kxe5 0-1


[Site "https://www.chess.com"]

[Event "Titled Tuesday Blitz May 11 2021"]
[White "Stoleriu, George"]
[Black "Seo, Jung Min"]
[WhiteFideId "1227505"]
[BlackFideId "1734687"]
[WhiteElo "2227"]
[BlackElo "2486"]
[Result "0-1"]
[Round "03"]
[TimeControl "180+1"]
[Date "2021.05.11"]
[WhiteClock "0:00:10"]
[BlackClock "0:00:29"]

1. e4 c6 2. Nf3 d5 3. exd5 cxd5 4. Ne5 Nc6 5. d4 Nf6 6. Bb5 Bd7 7. Nxd7 Qxd7 8. O-O e6 9. Re1 a6 10. Bf1 Bd6 11. c3 O-O 12. Nd2 b5 13. Bd3 b4 14. Nf3 bxc3 15. bxc3 Qc7 16. Bg5 Nd7 17. Qd2 Rfc8 18. h4 Na5 19. Rac1 Nc4 20. Qe2 h6 21. Be3 Rab8 22. Rc2 a5 23. g4 Nxe3 24. fxe3 e5 25. e4 dxe4 26. Qxe4 Nf6 27. Qf5 e4 28. Bxe4 Re8 29. g5 hxg5 30. hxg5 Nxe4 31. Rxe4 g6 32. Qd5 Rxe4 33. Qxe4 Qd7 34. Re2 Qh3 35. Ne5 Bxe5 36. dxe5 Rd8 37. e6 Rd1+ 38. Re1 Qg3+ 39. Kf1 Qh3+ 40. Kg1 Qg3+ 41. Kf1 Rxe1+ 42. Qxe1 Qf3+ 43. Kg1 Qg4+ 44. Kf1 Qf5+ 45. Ke2 Qxe6+ 46. Kd1 Qxa2 47. Qe8+ Kh7 48. Kc1 a4 49. Qe5 a3 50. Qc7 Qb2+ 51. Kd1 Qb3+ 52. Kd2 a2 53. Qh2+ Kg8 54. Qh1 Qb2+ 0-1


[Site "https://www.chess.com"]

[Event "Titled Tuesday Blitz May 11 2021"]
[White "Tarasova, Viktoriya"]
[Black "Paichadze, Luka"]
[WhiteFideId "4175840"]
[BlackFideId "13602934"]
[WhiteElo "2182"]
[BlackElo "2537"]
[Result "0-1"]
[Round "03"]
[TimeControl "180+1"]
[Date "2021.05.11"]
[WhiteClock "0:00:19"]
[BlackClock "0:00:41"]

1. d4 Nf6 2. c4 e6 3. Nc3 Bb4 4. Nf3 O-O 5. Bg5 h6 6. Bh4 c5 7. Rc1 cxd4 8. Nxd4 Nc6 9. e3 g5 10. Bg3 Ne4 11. Bd3 Nxc3 12. bxc3 Ba3 13. Rc2 Nxd4 14. exd4 f5 15. f3 f4 16. Bf2 d5 17. O-O Bd7 18. Re2 Qa5 19. Qb3 Bd6 20. c5 Bc7 21. Bb1 Qa4 22. Qxa4 Bxa4 23. Rxe6 Rae8 24. Rfe1 Rxe6 25. Rxe6 Re8 26. Rxe8+ Bxe8 27. Bd3 Ba5 28. Be1 Ba4 29. Kf2 Kf8 30. Ke2 Kf7 31. g3 fxg3 32. hxg3 h5 33. Bf5 b6 34. cxb6 axb6 35. Bd3 Kf6 36. Bd2 h4 37. gxh4 gxh4 38. Kf2 Bd7 39. Kg2 b5 40. Be1 Kg5 41. Bd2+ Kh5 42. Be2 Bc7 43. f4+ Bg4 44. Bxg4+ Kxg4 45. Be3 Bxf4 46. Bxf4 Kxf4 47. Kh3 Ke3 48. Kxh4 Kd3 49. Kg5 Kxc3 50. Kf5 Kxd4 51. Ke6 Kc4 52. Ke5 d4 0-1


[Site "https://www.chess.com"]

[Event "Titled Tuesday Blitz May 11 2021"]
[White "Tari, Aryan"]
[Black "Potapova, Margarita"]
[WhiteFideId "1510045"]
[BlackFideId "14126869"]
[WhiteElo "2656"]
[BlackElo "2229"]
[Result "1-0"]
[Round "03"]
[TimeControl "180+1"]
[Date "2021.05.11"]
[WhiteClock "0:00:25"]
[BlackClock "0:00:05"]

1. g3 d5 2. Nf3 Nf6 3. Bg2 e6 4. O-O c5 5. c4 d4 6. b4 cxb4 7. a3 bxa3 8. Bxa3 Bxa3 9. Nxa3 O-O 10. d3 Nc6 11. Qb3 e5 12. Rfb1 e4 13. dxe4 Nxe4 14. Nb5 Bf5 15. Rd1 Qf6 16. Nbxd4 Nxd4 17. Rxd4 Nc5 18. Qa3 Ne6 19. Rd6 Rac8 20. Rad1 a6 21. Nd4 Rxc4 22. Nxf5 Qxf5 23. Bxb7 h5 24. h4 Rc2 25. Qf3 Qxf3 26. Bxf3 g6 27. Rxa6 Ng7 28. Rd7 Nf5 29. Kg2 Nh6 30. Bxh5 Nf5 31. Bg4 Ng7 32. Raa7 Rb2 33. e4 Rb4 34. Bf3 Rb3 35. e5 Rb6 36. Bd5 Rb5 37. Bxf7+ Kh8 38. Bxg6 1-0


[Site "https://www.chess.com"]

[Event "Titled Tuesday Blitz May 11 2021"]
[White "Topalov, Aleksandar"]
[Black "Sammed_Shete"]
[WhiteFideId "925659"]
[WhiteElo "2228"]
[BlackElo "2649"]
[Result "0-1"]
[Round "03"]
[TimeControl "180+1"]
[Date "2021.05.11"]
[WhiteClock "0:00:11"]
[BlackClock "0:00:16"]

1. b3 Nf6 2. Bb2 g6 3. Bxf6 exf6 4. c4 f5 5. Nc3 Bg7 6. e3 b6 7. Nge2 Bb7 8. Rc1 O-O 9. Nf4 Nc6 10. Be2 d6 11. d4 Nb8 12. O-O Nd7 13. Ncd5 c6 14. Nc3 Nf6 15. Bf3 Qe7 16. g3 Ne4 17. Bg2 h5 18. h4 Nf6 19. b4 Rfe8 20. b5 c5 21. Bxb7 Qxb7 22. dxc5 dxc5 23. Ncd5 Ng4 24. Qf3 Kh8 25. Rfd1 Rad8 26. Nh3 Ne5 27. Qe2 Rd7 28. Nhf4 Red8 29. a4 a6 30. Nxh5 gxh5 31. Qxh5+ Kg8 32. bxa6 Qxa6 33. Qxf5 Kf8 34. e4 Nxc4 35. Rxc4 Qxc4 36. Rb1 Rxd5 37. exd5 Qxd5 38. Qxd5 Rxd5 39. Rxb6 Rd1+ 40. Kg2 Ra1 41. Rc6 Bd4 42. h5 Kg7 43. g4 Rxa4 44. g5 Ra2 45. Rc7 Rxf2+ 46. Kg3 Be5+ 47. Kxf2 Bxc7 0-1


[Site "https://www.chess.com"]

[Event "Titled Tuesday Blitz May 11 2021"]
[White "Triapishko, Alexandr"]
[Black "Purtseladze, Maka"]
[WhiteFideId "14122286"]
[BlackFideId "13602659"]
[WhiteElo "2490"]
[BlackElo "2178"]
[Result "0-1"]
[Round "03"]
[TimeControl "180+1"]
[Date "2021.05.11"]
[WhiteClock "0:00:01"]
[BlackClock "0:00:11"]

1. e4 c6 2. d4 d5 3. f3 Qb6 4. c3 g6 5. e5 h5 6. f4 Bg4 7. Qb3 Nh6 8. Bd3 Bf5 9. Be2 Bxb1 10. Rxb1 e6 11. Nf3 Nf5 12. O-O c5 13. Qxb6 axb6 14. a3 Nc6 15. Bb5 c4 16. b3 cxb3 17. Rxb3 Be7 18. a4 Kd7 19. Bd2 Kc7 20. g3 Na5 21. Rb2 Nc4 22. Ra2 Ra5 23. Rb1 Rha8 24. Bxc4 dxc4 25. Rab2 R8a6 26. Kf2 Rxa4 27. h3 Ba3 28. Rc2 Be7 29. g4 hxg4 30. hxg4 Nh4 31. Ne1 Ra2 32. Rcb2 Rxb2 33. Rxb2 Ra1 34. Kg3 Kc6 35. Kf2 b5 36. Kg3 Rd1 37. Kf2 g5 38. Kg3 Ng6 39. f5 Nf4 40. f6 Ba3 41. Ra2 Ne2+ 42. Kf2 Nc1 43. Rxa3 Rxd2+ 44. Kf3 Nd3 45. Nxd3 Rxd3+ 46. Ke4 b4 47. Ra8 Rxc3 48. Rf8 b3 49. Rxf7 b2 50. d5+ exd5+ 51. Kf5 b1=Q+ 52. Ke6 Qe4 53. Rf8 Qxg4+ 54. Ke7 Re3 55. Kf7 Rxe5 0-1


[Site "https://www.chess.com"]

[Event "Titled Tuesday Blitz May 11 2021"]
[White "Tristan, Leonardo"]
[Black "Galego, Luis"]
[WhiteFideId "113816"]
[BlackFideId "1900072"]
[WhiteElo "2404"]
[BlackElo "2524"]
[Result "1-0"]
[Round "03"]
[TimeControl "180+1"]
[Date "2021.05.11"]
[WhiteClock "0:00:04"]
[BlackClock "0:00:01"]

1. d4 d5 2. Bf4 e6 3. e3 Bd6 4. Qg4 g6 5. Bxd6 cxd6 6. Nc3 Qb6 7. O-O-O Nc6 8. Qg3 Nce7 9. e4 Nf6 10. e5 Nf5 11. Qf4 Nd7 12. g4 dxe5 13. dxe5 Ne7 14. Nf3 O-O 15. g5 Nf5 16. Bd3 Qxf2 17. Bxf5 gxf5 18. Rd2 Qb6 19. h4 Nc5 20. h5 Ne4 21. Nxe4 dxe4 22. Nd4 Kh8 23. g6 Rg8 24. Qh6 Rg7 25. Rhd1 e3 26. Nxf5 exd2+ 27. Rxd2 exf5 28. Rd6 Qg1+ 29. Rd1 Qb6 30. Rd6 Qc7 31. Qg5 Be6 32. Qf6 Rc8 33. c3 hxg6 34. h6 Rg8 35. hxg7+ Rxg7 36. Rd8+ Qxd8 37. Qxd8+ Kh7 38. Qh4+ Kg8 39. Qd8+ Kh7 40. Qg5 Kg8 41. Kd2 b6 42. Ke3 Rh7 43. Qd8+ Kg7 44. Kf4 Rh3 45. Qf6+ Kg8 46. Qe7 Kg7 47. Qxa7 Rh4+ 48. Ke3 Re4+ 49. Kf2 b5 50. Qc5 b4 51. cxb4 Bxa2 52. b5 1-0


[Site "https://www.chess.com"]

[Event "Titled Tuesday Blitz May 11 2021"]
[White "Tsydypov, Zhamsaran"]
[Black "Ardelean, George-Catalin"]
[WhiteFideId "4108566"]
[BlackFideId "1207091"]
[WhiteElo "2645"]
[BlackElo "2586"]
[Result "1-0"]
[Round "03"]
[TimeControl "180+1"]
[Date "2021.05.11"]
[WhiteClock "0:01:27"]
[BlackClock "0:00:14"]

1. Nf3 d5 2. d4 e6 3. c4 a6 4. Nbd2 Nf6 5. g3 c5 6. cxd5 exd5 7. Bg2 Nc6 8. O-O Bg4 9. h3 Bh5 10. a3 cxd4 11. Nb3 Be7 12. Nbxd4 Nxd4 13. Nxd4 Bg6 14. Qb3 Qd7 15. Rd1 O-O 16. Bg5 Rfd8 17. Rac1 Ne4 18. Bf4 Nc5 19. Qa2 Rac8 20. Nf3 Be4 21. b4 Na4 22. Ne5 Qe8 23. Bxe4 dxe4 24. Rxc8 Rxd1+ 25. Kg2 Qxc8 26. Qxf7+ Kh8 27. Qxe7 e3 28. Bh6 gxh6 29. Nf7+ 1-0


[Site "https://www.chess.com"]

[Event "Titled Tuesday Blitz May 11 2021"]
[White "Vaishali, Rameshbabu"]
[Black "Sasikiran, Krishnan"]
[WhiteFideId "5091756"]
[BlackFideId "5004985"]
[WhiteElo "2313"]
[BlackElo "2552"]
[Result "0-1"]
[Round "03"]
[TimeControl "180+1"]
[Date "2021.05.11"]
[WhiteClock "0:00:01"]
[BlackClock "0:00:05"]

1. e4 c5 2. Nf3 d6 3. d4 cxd4 4. Nxd4 Nf6 5. Nc3 a6 6. a4 e6 7. Be2 Be7 8. O-O O-O 9. f4 Nc6 10. Be3 Qc7 11. Kh1 Re8 12. Bf3 Bf8 13. g4 Nd7 14. g5 Nxd4 15. Qxd4 b6 16. Bg2 Bb7 17. Rf3 g6 18. Rd1 Rac8 19. Bg1 Qc4 20. Rfd3 Qxd4 21. Rxd4 Bc6 22. h4 Red8 23. Kh2 Be7 24. h5 e5 25. Rxd6 Bxd6 26. Rxd6 exf4 27. Bh3 Ne5 28. Rf6 Rb8 29. h6 Rd2+ 30. Kh1 f3 31. Nd5 Bxd5 32. exd5 Rxd5 33. Be3 Rbd8 34. Kh2 Nc4 35. Bf2 Rd2 36. Kg3 Rxc2 37. Rxf3 Nd2 38. Rf4 Re8 39. Bxb6 Ne4+ 40. Kh4 Rxb2 41. Bd7 Re7 42. Bc6 Rxb6 43. Bxe4 Rb4 0-1


[Site "https://www.chess.com"]

[Event "Titled Tuesday Blitz May 11 2021"]
[White "Vasquez Schroeder, Rodrigo"]
[Black "Pile, Richard"]
[WhiteFideId "3400042"]
[BlackFideId "624110"]
[WhiteElo "2572"]
[BlackElo "2376"]
[Result "0-1"]
[Round "03"]
[TimeControl "180+1"]
[Date "2021.05.11"]
[WhiteClock "0:00:19"]
[BlackClock "0:00:19"]

1. e4 c5 2. Nf3 Nc6 3. Bb5 e6 4. c3 Nge7 5. d4 cxd4 6. cxd4 d5 7. e5 Bd7 8. Nc3 Nf5 9. O-O Be7 10. g4 Nh4 11. Nxh4 Bxh4 12. Be3 f6 13. f4 O-O 14. Qd2 Rc8 15. Be2 a6 16. Rac1 g5 17. fxg5 fxe5 18. dxe5 Nxe5 19. b3 Bc6 20. Rxf8+ Qxf8 21. Rf1 Qg7 22. Rf6 Re8 23. Rh6 d4 24. Rxh4 dxc3 25. Qc2 Ng6 26. Rh6 Rf8 27. Bc4 Bd5 28. Bxd5 exd5 29. Qd3 Qf7 30. Qe2 c2 31. Kg2 d4 32. Bc1 Qd5+ 33. Kg1 d3 34. Qe3 Qf3 35. Qe6+ Qf7 36. Qxf7+ Rxf7 37. Rh3 Nf4 38. Re3 Ne2+ 0-1


[Site "https://www.chess.com"]

[Event "Titled Tuesday Blitz May 11 2021"]
[White "Visakh N R"]
[Black "Matinian, Nikita"]
[WhiteFideId "25012223"]
[BlackFideId "24129100"]
[WhiteElo "2428"]
[BlackElo "2410"]
[Result "1-0"]
[Round "03"]
[TimeControl "180+1"]
[Date "2021.05.11"]
[WhiteClock "0:00:04"]
[BlackClock "0:00:02"]

1. e4 c5 2. Nf3 d6 3. Bb5+ Nd7 4. d4 cxd4 5. Qxd4 a6 6. Bxd7+ Bxd7 7. c4 Nf6 8. O-O g6 9. Nc3 Bg7 10. h3 O-O 11. Qd3 b5 12. cxb5 axb5 13. e5 dxe5 14. Nxe5 b4 15. Nxd7 bxc3 16. Nxf6+ Bxf6 17. Qxd8 Rfxd8 18. bxc3 Bxc3 19. Rb1 Rxa2 20. Rb7 Kf8 21. Be3 f5 22. Bg5 Re2 23. Rc1 Bd4 24. Bh4 Kf7 25. Rcc7 Bf6 26. Bxf6 Kxf6 27. Rc6+ Kf7 28. Rc1 Rdd2 29. Rf1 Kf6 30. Rbb1 h6 31. Rbe1 e5 32. Rxe2 Rxe2 33. Ra1 f4 34. f3 Kf5 35. Ra8 Re1+ 36. Kh2 g5 37. Ra6 h5 38. Rh6 h4 39. Rh8 e4 40. Rf8+ Ke5 41. fxe4 Rxe4 42. Kg1 Kd4 43. Kf2 Re5 44. Kf3 Re3+ 45. Kf2 Rg3 46. Re8 Re3 47. Rg8 Re5 48. Kf3 Kc3 49. Kg4 Re2 50. Rxg5 Rxg2+ 51. Kxf4 Rh2 52. Kg4 Kd4 53. Rf5 Ke4 54. Rf1 Rg2+ 55. Kxh4 Ke5 56. Kh5 Ke6 57. Kh6 Ke7 58. h4 Rg3 59. Rf5 Rg2 60. Rg5 Rh2 61. Rg4 Kf7 62. Kh7 Rh3 63. Rf4+ Ke7 64. Kh6 Rh1 65. h5 Rh2 66. Rg4 Kf8 67. Rg5 Ra2 68. Kh7 Ra7+ 69. Kh8 Ra1 70. Rf5+ Ke7 71. Rg5 Rh1 72. Kg7 Rf1 73. h6 Rf7+ 74. Kg8 Rf8+ 75. Kh7 Rf7+ 76. Rg7 Kf6 77. Kg8 Rxg7+ 78. hxg7 1-0


[Site "https://www.chess.com"]